 Seeded DCSS version 0.28.0-53-g5a82cb258f (webtiles) character file.

Game seed: 6737368310326861808 (custom seed)

4 cbfl8 the Sneak (level 1, -6/19 HPs)
             Began as a Hill Orc Delver on July 17, 2022.
             Was an Initiate of Beogh.
             Killed from afar by an orc wizard (9 damage)
             ... with a puff of flame
             ... on level 5 of the Dungeon.
             The game lasted 00:00:51 (163 turns).

cbfl8 the Sneak (Hill Orc Delver)                    Turns: 163, Time: 00:00:52

Health: -6/19      AC:  3    Str: 14    XL:     1   Next: 60%
Magic:  1/1        EV: 11    Int: 10    God:    Beogh [......]
Gold:   0          SH:  0    Dex: 12    Spells: 0/0 levels left

rFire   . . .      SeeInvis .   a - +0 hand axe
rCold   . . .      Faith    .   (no shield)
rNeg    . . .      Spirit   .   b - +0 leather armour
rPois   .          Reflect  .   (no helmet)
rElec   .          Harm     .   (no cloak)
rCorr   .          Rampage  .   (no gloves)
Will    .....                   (no boots)
Stlth   ++........              (no amulet)
HPRegen 0.06/turn               (no ring)
MPRegen 0.07/turn               (no ring)

@: no status effects
A: no striking features
a: Renounce Religion


You were on level 5 of the Dungeon.
You worshipped Beogh.
Beogh was noncommittal.
You visited 1 branch of the dungeon, and saw 1 of its levels.

Inventory:

Hand Weapons
 a - a +0 hand axe (weapon)
Armour
 b - a +0 leather armour (worn)
Wands
 g - a wand of digging (3)
Scrolls
 c - a scroll of fog
 d - a scroll of magic mapping
 e - a scroll of fear
 h - a scroll of enchant weapon {unknown}


   Skills:
 + Level 3.6 Fighting
 + Level 2.6 Axes
 + Level 1.5 Dodging
 + Level 4.3 Stealth


You couldn't memorise any spells.
You didn't know any spells.
Your spell library was empty.

Dungeon Overview and Level Annotations

Branches:
Dungeon (5/15)
 Temple: D:4-7

Altars:


Message History

The orc wizard points at you and mumbles some strange words.
You resist with significant effort.
You are too confused!
Okay, then.
You closely miss the orc wizard.
The orc wizard hits you but does no damage.
The orc wizard hits you with a +0 dagger.
You feel yourself speed up.
You feel less confused.
The orc wizard hits you with a +0 dagger.
There is an open door here.
The orc wizard gestures wildly while chanting.
The orc wizard flickers and vanishes!
Deactivating autopickup; reactivate with Ctrl-A.
There is a stone staircase leading down here.
Found a stone staircase leading down.
You open the door.
Something tries to affect you, but you resist.
You hear some strange, mumbled words.
A puff of flame appears from out of thin air!
The puff of flame hits you. Something hits you.
There is a stone staircase leading down here.
As you open the door, it creaks loudly!
Found 9 gold pieces.
There is an open door here.
Your extra speed is starting to run out.
Something tries to affect you, but you resist.
A sky beast comes into view.
You feel yourself slow down.
Something tries to affect you, but you resist.
An orc wizard appears from thin air!
Reactivating autopickup.
The orc wizard points at you and mumbles some strange words.
The magic dart hits you.
* * * LOW HITPOINT WARNING * * *
The orc wizard casts a spell at you. The puff of flame hits you!
You die...
Beogh appreciates the orc wizard's killing of a heretic priest.

#.....##>#.$......#
#.....##.#####.#.##
#.....##.#####.#o#
#.....##....##.#.#
#...........##.#.#
#...........##.#.#
###.........'..#.#
..#.........##.#.#
..#.#####...# #@#
..#>#
######.......#
..#.# #.......#
..#.#######
#..........
..#........
#..........
..#........
#..........
..'........
###.##.####
..#........ ... +#
###........


You could see an orc wizard.

Vanquished Creatures
  2 orcs (D:5)
2 creatures vanquished.

Notes
Turn   | Place    | Note
-------+----------+-------------------------------------------
     0 | D:5      | cbfl8 the Hill Orc Delver began the quest for the Orb.
     0 | D:5      | Reached XP level 1. HP: 19/19 MP: 1/1
    42 | D:5      | Noticed an orc wizard
    92 | D:5      | Noticed an orc priest
    96 | D:5      | Became a worshipper of Beogh the Brigand
   150 | D:5      | Noticed a sky beast
   163 | D:5      | Killed from afar by an orc wizard

Illustrated notes

Levels and vault maps discovered:
D:5:      layout_basic, mainiacjoe_overflow_24_doors, kennysheep_another_room

Action                   || total
-------------------------++-------
Melee: Hand axe          ||    12
Invok: Convert to Beogh  ||     1
  Use: Potion            ||     1
Armor: Leather armour    ||     1
Dodge: Dodged            ||    11
